 Dungeon Crawl Stone Soup version 0.30-b1-2-g02819fbbbe (webtiles) character file.

Game seed: 287478064519207515

184 Alarkh the Trooper (level 5, 44/44 HPs)
             Began as a Demonspawn Artificer on July 11, 2023.
             Got out of the dungeon alive.
             The game lasted 00:02:01 (1149 turns).

Alarkh the Trooper (Demonspawn Artificer)           Turns: 1149, Time: 00:02:02

Health: 44/44      AC:  3    Str: 12    XL:     5   Next: 36%
Magic:  5/5        EV: 13    Int: 14    God:
Gold:   34         SH:  0    Dex: 14    Spells: 4/4 levels left

rFire   + . .        m - +0 short sword
rCold   . . .        (no shield)
rNeg    . . .        b - +0 leather armour
rPois   .            (no helmet)
rElec   .            (no cloak)
rCorr   .            (no gloves)
SInv    .            (no boots)
Will    .....        (no amulet)
Stlth   +            g - ring of protection from fire
HPRegen 0.27/turn    (no ring)
MPRegen 0.09/turn

%: no passive effects
@: no status effects
A: repulsion field 1, spiny 1
a: no special abilities


You escaped.
You visited 1 branch of the dungeon, and saw 3 of its levels.

You collected 34 gold pieces.

Inventory:

Hand Weapons
 a - a +0 club
 m - a +0 short sword (weapon)
 n - a +0 long sword
Armour
 b - a +0 leather armour (worn)
Jewellery
 g - a ring of protection from fire (left hand)
Wands
 c - a wand of flame (7) (quivered)
 d - a wand of charming (15)
 e - a wand of iceblast (4)
 k - a wand of light (4)
Scrolls
 f - a scroll of summoning {unknown}
 h - 2 scrolls of identify {unknown}
 o - 2 scrolls of silence {unknown}
Potions
 i - a potion of flight {unknown}
 j - a potion of lignification {unknown}
 l - a potion of berserk rage {unknown}


   Skills:
 + Level 5.3 Fighting
 - Level 1.7 Armour
 - Level 0.8 Dodging
 - Level 0.8 Stealth
 - Level 3.0 Evocations


You had 4 spell levels left.
You didn't know any spells.
Your spell library contained the following spells:

 Spells                   Type           Power      Damage    Failure   Level
 Ozocubu's Armour         Ice            0%         N/A       73%         3
 Ozocubu's Refrigeration  Ice            0%         4d7       100%        7


Dungeon Overview and Level Annotations

Branches:
Dungeon (3/15)

Altars:


Innate Abilities, Weirdness & Mutations

You are surrounded by a mild repulsion field. (EV +2)
You are partially covered in sharp spines.


Message History

You have reached level 4!
You feel agile.
You have reached level 5!
Your demonic ancestry asserts itself...
Sharp spines emerge from parts of your body.
Things that are here:
a +0 scythe; a +0 robe A hobgoblin comes into view.
You can't go up here!
The hobgoblin barely misses you.
You closely miss the hobgoblin. The hobgoblin is struck by your spines.
The hobgoblin misses you.
You hit the hobgoblin.
You kill the hobgoblin!
No target in view!
No target in view!
No target in view!
No target in view!
No target in view!
No target in view!
(D) Dungeon
Where to? (Enter - D:2 @ (x,y), ? - help)
An endoplasm comes into view.
You catch the helpless endoplasm completely off-guard!
You hit the endoplasm.
You kill the endoplasm!
No target in view!
No target in view!
(D) Dungeon
Where to? (Enter - D:1, ? - help)
You see here a +0 short sword.
There is a stone staircase leading up here.
You climb upwards.
HP restored.
There is a stone staircase leading down here.
You can't go up here!
Unknown command.
There is an open door here.
There is a staircase leading out of the dungeon here.
Are you sure you want to leave the Dungeon?
This will make you lose the game!
You have escaped!

.# #............# #.....). .#
############## #.......
.############### #.......
##.............##### #.......
.....#######.......### #.......
..###.......###......## #.......
##.............###....# #.......
.....#######......#...####.......
...### ###..@..#...#.........
..## ##....#...#......... ..##
##....#...#......... ...###
###.....#...#######..#
.....#######......#...## #.....
##.............###....######.....
..###.......###......##..........
.....#######.......###...........
##.............##### #.#.###.##+#


There were no monsters in sight!

Vanquished Creatures
  Sigmund (D:2)
  A gnoll (D:1)
  A bat (D:1)
  2 endoplasms
  A giant cockroach (D:2)
  5 goblins (D:1)
  2 hobgoblins
  A quokka (D:1)
  A ball python (D:1)
  3 frilled lizards
  6 kobolds
  3 rats (D:1)
27 creatures vanquished.

Notes
Turn   | Place    | Note
-------+----------+-------------------------------------------
     0 | D:1      | Alarkh the Demonspawn Artificer began the quest for the
                  | Orb.
     0 | D:1      | Reached XP level 1. HP: 15/15 MP: 1/1
   241 | D:1      | Reached skill level 2 in Fighting
   285 | D:1      | Gained mutation: You are surrounded by a mild repulsion
                  | field. (EV +2) [demonic ancestry]
   285 | D:1      | Reached XP level 2. HP: 22/22 MP: 2/2
   673 | D:1      | Reached skill level 3 in Fighting
   673 | D:1      | Reached XP level 3. HP: 17/29 MP: 3/3
   889 | D:2      | You fall into a shaft and drop 1 floor!
  1030 | D:2      | Noticed Sigmund
  1044 | D:2      | Killed Sigmund
  1045 | D:2      | Reached skill level 5 in Fighting
  1045 | D:2      | Reached XP level 4. HP: 28/39 MP: 4/4
  1045 | D:2      | Gained mutation: You are partially covered in sharp spines.
                  | [demonic ancestry]
  1045 | D:2      | Reached XP level 5. HP: 31/44 MP: 5/5
  1149 | D:$      | Got out of the dungeon alive.

Illustrated notes

Levels and vault maps discovered:
D:1:      dpeg_arrival_oval, layout_basic
D:2:      layout_loops_cross, shapermc_ecumenical_altar_totnotflames,
          st_stairs_13, chequers_serial_rivers_marsh, minmay_pentomino_v2,
          uniq_sigmund
D:3:      layout_basic, mainiacjoe_overflow_six_doors_small,
          kennysheep_crisscross, uniq_terence

Skill      XL: |  1  2  3 |
---------------+----------+-----
Fighting       | 2 3 5 |  5.3
Armour         | |  1.7
Dodging        | |  0.8
Stealth        | |  0.8
Evocations     | |  3.0

Action                     |  1- 3 |  4- 6 || total
---------------------------+-------+-------++-------
  Melee: Club              |    54 |       ||    54
         Punch             |     1 |       ||     1
         Long sword        |     9 |       ||     9
         Short sword       |     8 |     3 ||    11
  Evoke: Wand              |    12 |       ||    12
   Stab: Sleeping          |     2 |       ||     2
         Invisible         |     1 |       ||     1
         Distracted        |       |     1 ||     1
 Armour: Leather armour    |    15 |       ||    15
  Dodge: Dodged            |    51 |     2 ||    53
